 Dungeon Crawl Stone Soup version 0.31.0-32-g396128a36d (webtiles) character file.

Game seed: 14372430629918662651

1356373 diecastcamel the Annihilator (level 27, 79/164 HPs)
             Began as a Tengu Conjurer on Apr 8, 2024.
             Was the Champion of Vehumet.
             Escaped with the Orb
             ... and 3 runes on Apr 15, 2024!
             The game lasted 11:18:33 (109349 turns).

diecastcamel the Annihilator (Tengu Conjurer)     Turns: 109349, Time: 11:18:34

Health: 79/164     AC: 23    Str: 16 (18) XL:     27
Magic:  13/47      EV: 31    Int: 37 (39) God:    Vehumet [******]
Gold:   2234       SH: 15    Dex: 13      Spells: 12/64 levels left

rFire   + + .        G - staff of Purpose {Will+ Str+4 Int+5 Earth}
rCold   + . .        R - +2 buckler {AC+3}
rNeg    . . .        N - +4 ring mail "Paoto" {rF++ Str-2 Int+2 SInv}
rPois   +            U - +0 hat "Raumeasu" {Will+ Str+3 SInv}
rElec   +            o - +2 cloak {rPois}
rCorr   .            A - +2 pair of gloves
SInv    +            (boots unavailable)
Will    ++++.        T - brooch of Shielding {Spirit SH+8}
Stlth   +            l - ring "Beeby" {rElec EV+5 Str+5 Slay-2}
HPRegen 0.47/turn    F - ring of protection from cold
MPRegen 0.30/turn

%: random rage (3%), acrobat, guardian spirit
@: flying, studying 2 skills
A: beak, talons 3, evasive flight, acrobatic, berserk 1, subdued magic 1
0: Orb of Zot
}: 3/15 runes: serpentine, barnacled, silver
a: Renounce Religion


You escaped.
You worshipped Vehumet.
Vehumet was exalted by your worship.
You visited 10 branches of the dungeon, and saw 48 of its levels.
You also visited: Sewer, Ossuary, Wizlab and Desolation.

You collected 7597 gold pieces.
You spent 5363 gold pieces at shops.

Inventory:

Hand Weapons
 m - the +6 Majin-Bo {spellvamp, MP+6 Int+6}
   (You took it off a deep elf demonologist on level 3 of the Elven Halls)

   Int+6:     It affects your intelligence (+6).
   MP+6:      It affects your magic capacity (+6).
Armour
 i - a +2 cloak of willpower
 o - a +2 cloak of poison resistance (worn)
 u - a +2 robe of resistance
 A - a +2 pair of gloves (worn)
 N - the +4 ring mail "Paoto" (worn) {rF++ Str-2 Int+2 SInv}
   (You bought it in a shop on level 2 of the Elven Halls)

   Str-2:     It affects your strength (-2).
   Int+2:     It affects your intelligence (+2).
   rF++:      It greatly protects you from fire.
   SInv:      It lets you see invisible.
 R - a +2 buckler of protection (worn)
 U - the +0 hat "Raumeasu" (worn) {Will+ Str+3 SInv}
   (You found it on level 14 of the Dungeon)

   Str+3:     It affects your strength (+3).
   Will+:     It increases your willpower.
   SInv:      It lets you see invisible.
 X - +0 pearl dragon scales
Magical Staves
 c - a staff of conjuration
 G - the staff of Purpose (weapon) {Will+ Str+4 Int+5 Earth}
   (You found it on level 3 of the Elven Halls)

   [staff of earth]

   Base accuracy: +5 Base damage: 5 Base attack delay: 1.2 This weapon's minimum
   attack delay (0.6) is reached at skill level 12.
   Str+4:     It affects your strength (+4).
   Int+5:     It affects your intelligence (+5).
   Will+:     It increases your willpower.
   Earth:     It increases the power of your Earth spells.
   It falls into the 'Staves' category.
   It is a one-handed weapon.
Jewellery
 l - the ring "Beeby" (left hand) {rElec EV+5 Str+5 Slay-2}
   (You took it off a deep elf pyromancer on level 3 of the Elven Halls)

   [ring of evasion]

   EV+5:      It affects your evasion (+5).
   Str+5:     It affects your strength (+5).
   Slay-2:    It affects your accuracy & damage with ranged weapons and melee
   (-2).
   rElec:     It insulates you from electricity.
 y - the amulet of Vitality {RegenMP++ Regen++}
   (You took it off a mummy priest on level 2 of the Depths)

   [amulet of magic regeneration]

   RegenMP:   It increases your rate of magic regeneration.
   Regen++:   It increases your rate of health regeneration.
 F - a ring of protection from cold (right hand)
 H - the amulet of Kiuh {RegenMP Rampage rElec rPois Str-3}
   (You took it off a boggart on level 3 of the Elven Halls)

   [amulet of magic regeneration]

   RegenMP:   It increases your rate of magic regeneration.
   Str-3:     It affects your strength (-3).
   rElec:     It insulates you from electricity.
   rPois:     It protects you from poison Rampage: It bestows one free step when
   moving towards enemies.
 M - a ring of willpower
 T - the brooch of Shielding (around neck) {Spirit SH+8}
   (You bought it in a shop on level 11 of the Dungeon)

   [amulet of guardian spirit]

   Spirit:    It causes incoming damage to be divided between your reserves of
   health and magic.
   SH+8:      It affects your SH (+8).
Wands
 a - a wand of polymorph (8)
 f - a wand of acid (21)
 v - a wand of iceblast (31)
 I - a wand of mindburst (4)
 Z - a wand of digging (11)
Scrolls
 e - 9 scrolls of fog
 h - 12 scrolls of teleportation
 k - 13 scrolls of amnesia
 n - 9 scrolls of poison
 r - 10 scrolls of brand weapon
 s - 9 scrolls of immolation
 t - 9 scrolls of fear
 x - 4 scrolls of blinking
 C - a scroll of revelation
 E - 9 scrolls of enchant weapon
 J - 6 scrolls of silence
 K - 11 scrolls of vulnerability
 P - 4 scrolls of torment
 Q - 2 scrolls of summoning
 S - a scroll of identify
Potions
 b - a potion of magic
 d - a potion of haste
 g - 5 potions of heal wounds
 j - 13 potions of enlightenment
 p - 28 potions of curing
 q - 7 potions of lignification
 w - 3 potions of cancellation
 z - 3 potions of mutation
 D - 6 potions of brilliance
 L - a potion of resistance
 O - 2 potions of invisibility
 W - 7 potions of ambrosia
Miscellaneous
 B - a phial of floods


   Skills:
 + Level 14.7 Fighting
 - Level 4.0 Staves
 + Level 18.6 Armour
 O Level 27 Dodging
 - Level 8.0 Stealth
 - Level 4.0 Shields
 - Level 19.0 Spellcasting
 O Level 27 Conjurations
 - Level 15.0 Summonings
 - Level 4.0 Translocations
 - Level 3.0 Air Magic
 - Level 7.2 Earth Magic
 - Level 10.7 Alchemy


You had 12 spell levels left.
You knew the following spells:

 Your Spells              Type           Power      Damage    Failure   Level
a - Magic Dart            Conj           100%       1d8       0%          1
b - Searing Ray           Conj           100%       2d8       0%          2
c - Iskenderun's Mystic   Conj/Tloc      86%        2d17      0%          4
d - Fulminant Prism       Conj/Alch      47%        3d21      0%          4
e - Mephitic Cloud        Conj/Alch/Air  81%        N/A       0%          3
f - Stone Arrow           Conj/Erth      100%       3d13      0%          3
g - Bombard               Conj/Erth      56%        9d9       1%          6
h - Spellforged Servitor  Conj/Summ      49%        N/A       1%          7
i - Orb of Destruction    Conj           55%        9d14      0%          7
j - Passwall              Erth           80%        N/A       1%          3
k - Petrify               Alch/Erth      87%        N/A       1%          4
l - Starburst             Conj/Fire      40%        6d12      1%          6
m - Blink                 Tloc           98%        N/A       1%          2

Your spell library contained the following spells:

 Spells                   Type           Power      Damage    Failure   Level
 Chain Lightning          Conj/Air       42%        3d56      58%         9
 Fire Storm               Conj/Fire      40%        8d10      78%         9
 Shatter                  Erth           40%        3d31*     100%        9
 Kiss of Death            Conj/Necr      100%       2d13      0%          1
 Sting                    Conj/Alch      100%       1d9       0%          1
 Summon Small Mammal      Summ           100%       N/A       0%          1
 Call Imp                 Summ           100%       N/A       0%          2
 Momentum Strike          Conj/Tloc      100%       3d10      0%          2
 Static Discharge         Conj/Air       100%       3-8/arc   0%          2
 Call Canine Familiar     Summ           85%        N/A       0%          3
 Dazzling Flash           Conj/Hex       100%       N/A       0%          3
 Hailstorm                Conj/Ice       81%        3d14      0%          3
 Brom's Barrelling Bould  Conj/Erth      100%       2d11      0%          4
 Iskenderun's Battlesphe  Conj           100%       2d15      0%          5
 Apportation              Tloc           98%        N/A       1%          1
 Freeze                   Ice            100%       1d10      1%          1
 Necrotise                Necr           100%       1d9       1%          1
 Sandblast                Erth           100%       2d20      1%          1
 Ensorcelled Hibernation  Hex/Ice        54%        N/A       1%          2
 Jinxbite                 Hex            54%        N/A       1%          2
 Lesser Beckoning         Tloc           98%        N/A       1%          2
 Sublimation of Blood     Necr           27%        N/A       1%          2
 Frozen Ramparts          Ice            54%        1d9       1%          3
 Gell's Gravitas          Tloc           49%        N/A       1%          3
 Inner Flame              Hex/Fire       27%        N/A       1%          3
 Swiftness                Air            44%        N/A       1%          3
 Teleport Other           Tloc           49%        N/A       1%          3
 Volatile Blastmotes      Fire/Tloc      76%        2d16      1%          3
 Airstrike                Air            22%        2d(4-20)  1%          4
 Animate Armour           Summ/Erth      100%       N/A       1%          4
 Flame Wave               Conj/Fire      81%        2d18      1%          4
 Ignite Poison            Fire/Alch      55%        N/A       1%          4
 Leda's Liquefaction      Alch/Erth      43%        N/A       1%          4
 Olgreb's Toxic Radiance  Alch           73%        N/A       1%          4
 Sticky Flame             Fire/Alch      55%        2d10      1%          4
 Summon Lightning Spire   Summ/Air       67%        N/A       1%          4
 Arcjolt                  Conj/Air       42%        1d52      1%          5
 Fireball                 Conj/Fire      40%        3d16      1%          5
 Lee's Rapid Deconstruct  Erth           40%        3d20*     1%          5
 Summon Forest            Summ/Tloc      34%        N/A       1%          5
 Summon Mana Viper        Hex/Summ       63%        N/A       1%          5
 Yara's Violent Unravell  Hex/Alch       27%        3d12      1%          5
 Conjure Ball Lightning   Conj/Air       42%        3x3d15    1%          6
 Summon Cactus Giant      Summ           42%        N/A       1%          6
 Manifold Assault         Tloc           49%        N/A       2%          4
 Passage of Golubria      Tloc           49%        N/A       2%          4
 Vhi's Electric Charge    Tloc/Air       94%        N/A       2%          4
 Summon Hydra             Summ           42%        N/A       2%          7
 Lehudib's Crystal Spear  Conj/Erth      56%        10d13     2%          8
 Confusing Touch          Hex            27%        N/A       3%          3
 Fugue of the Fallen      Necr           27%        N/A       3%          3
 Ozocubu's Armour         Ice            27%        N/A       3%          3
 Sigil of Binding         Hex            27%        N/A       3%          3
 Tukima's Dance           Hex            27%        N/A       3%          3
 Dimensional Bullseye     Hex/Tloc       19%        N/A       5%          4
 Anguish                  Hex/Necr       13%        N/A       13%         4
 Cause Fear               Hex            13%        N/A       13%         4
 Dispel Undead            Necr           27%        3d13      13%         4
 Summon Horrible Things   Summ           42%        N/A       19%         8
 Silence                  Hex/Air        17%        N/A       21%         5
 Sculpt Simulacrum        Ice/Alch       27%        N/A       24%         6
 Malign Gateway           Summ/Tloc      34%        N/A       24%         7
 Plasma Beam              Fire/Air       17%        2x1d29    30%         6
 Curse of Agony           Necr           27%        N/A       36%         5
 Metabolic Englaciation   Hex/Ice        13%        N/A       36%         5
 Ozocubu's Refrigeration  Ice            13%        4d10      95%         7
 Maxwell's Capacitive Co  Air            22%        ∞         99%         8
 Enfeeble                 Hex            13%        N/A       100%        7
 Discord                  Hex            13%        N/A       100%        8
 Ignition                 Fire           13%        3d6       100%        8


Dungeon Overview and Level Annotations

Branches:
Dungeon (15/15)            Temple (1/1) D:5            Lair (5/5) D:8
 Shoals (4/4) Lair:2        Snake (4/4) Lair:3        Slime (0/5) Lair:4
    Orc (2/2) D:10            Elf (3/3) Orc:2        Vaults (5/5) D:14
  Crypt (0/3) Vaults:3     Depths (4/4) D:15            Zot (5/5) Depths:4
  Sewer (visited)         Ossuary (visited)          WizLab (visited)
Desolation (visited)

Altars:
Ashenzari
Cheibriados
Dithmenos
Elyvilon
Fedhas
Gozag
Hepliaklqana
Kikubaaqudgha
Makhleb
Nemelex Xobeh
Okawaru
Qazlal
Ru
Sif Muna
Trog
Uskayaw
Vehumet
Wu Jian
Xom
Yredelemnul
Zin
The Shining One

Shops:
D:9 (   D:11 =   Orc:1 ?   Orc:2 !*[*[*!   Elf:1 *   Elf:2 [?[=:=(   Elf:3 !
Vaults:1 *   Vaults:2 *([*   Vaults:4 =   Zot:1 *

Portals:
Hell: Depths:1 Depths:2 Depths:3 Depths:4
Abyss: Depths:2 Depths:3
Pandemonium: Depths:2 Depths:3 Depths:4
Ziggurat: Depths:3

Annotations:
Lair:5 exclusion: obsidian statue
Snake:4 3 runed translucent doors, JeszeEnbee's ghost, adept MiFi; jimmypageman's ghost, adept MiFi
Vaults:1 8 runed translucent doors, astronautguy's ghost, master FoEE
Depths:3 exclusion: angel
Depths:4 4 transporters
Zot:5 exclusion: obsidian statue


Innate Abilities, Weirdness & Mutations

You have a beak for a mouth.
You have claws for feet.
Your magical flight helps you evade attacks. (EV +4)
You can magically evade attacks while moving or waiting.
You sometimes lose your temper in combat.
Your spells are a little easier to cast, but a little less powerful.


Message History

There is a stone staircase leading down here.
Aiming: Orb of Destruction (safe; 0% risk of failure)
Press: ? - help, Q - select action, (/) - cycle Shift-Dir - straight line, f - Tzitzimitl
Aim: a Tzitzimitl
Okay, then.
Blink to where?
Press: ? - help, Q - select action, (/) - cycle Dir - move target
As you read the scroll of blinking, it crumbles to dust.
The Tzitzimitl moves out of view.
You see here a +0 mace.
You see here a +0 club.
There is a stone staircase leading up here.
You can't go down here!
You can't go down here!
You fly upwards.
There is a stone staircase leading down here.
What level of the Dungeon? (default 2, ? - help)
There is an escape hatch in the floor here.
A Brimstone Fiend comes into view.
Casting: Spellforged Servitor (safe; 1% risk of failure)
Press: ? - help, Q - select action, (/) - cycle Dir - look around, f - activate You summon a servant imbued with your destructive magic!
The Brimstone Fiend calls on the powers of darkness!
Your body is wracked with pain!
Your spellforged servitor launches a ball of destructive magic.
The orb of destruction hits the Brimstone Fiend!!!
The Brimstone Fiend gestures at your spellforged servitor.
The sphere of damnation explodes!
The damnation engulfs your spellforged servitor!
Aiming: Dig
Press: ? - help, Shift-Dir - straight line You can't see that place. [a staircase leading out of the dungeon.]
The rock shatters into small pieces.
Your spellforged servitor conjures a glowing orb.
The wavering orb of destruction hits the Brimstone Fiend!!!
The Brimstone Fiend is blown up!
Vehumet accepts your kill.
There is a staircase leading out of the dungeon here.
You have escaped!

...# #.#.####....##.....1.....
...######.#....'......#+#####'#..
..........#+####....#.#.....#)#..
###########.## ######.#.###.#1#..
#...# ### #.#+###.#.#.#
##...###.## #..9°...#....
#.....#...# #........##.#
#.....#...####.......+..#
#..8..'.@.9..........####
#.....#...####.###...#
#.....#...# ##.##....#
##...###.## #..##....# #...#
######.###...## ##.## #...# #...#
#'#######.### ##### #.[.......#
###########


You could see a friendly spellforged servitor (summoned).

Vanquished Creatures
  4 dread liches
  2 juggernauts
  2 royal mummies (Depths:2)
  Boris (Depths:3)
  6 Killer Klowns (Zot:5)
  Bai Suzhen (Vaults:2)
  Vashnia (Snake:4)
  Margery (Depths:4)
  4 curse toes
  Jory (Depths:4)
  9 golden dragons
  2 bone dragons (Depths:4)
  3 electric golems
  12 tentacled monstrosities
  19 Orb Guardians
  3 liches
  A searing wretch (Depths:4)
  Asterion (Snake:4)
  3 deep elf blademasters (Elf:3)
  A walking frostbound tome (Depths:4)
  7 quicksilver dragons
  2 deep elf master archers (Elf:3)
  6 sphinxes
  6 titans
  6 death cobs
  11 shadow dragons
  An ancient champion (Depths:3)
  Ilsuiw (Shoals:3)
  6 storm dragons
  A tengu reaver (Depths:3)
  Donald (Shoals:1)
  5 nagarajas
  A revenant (Vaults:3)
  Aizul (Snake:3)
  Roxanne (D:14)
  5 fire giants
  2 draconian monks
  4 protean progenitors
  4 draconian knights
  10 frost giants
  2 draconian shifters
  2 draconian scorchers
  An iron dragon (Depths:4)
  Louise (Elf:2)
  5 deep elf sorcerers (Elf:3)
  A cacodemon (Depths:2)
  12 vault wardens
  2 deep elf elementalists (Elf:3)
  2 orc warlords
  27 ironbound preservers
  An angel (Shoals:4)
  3 draconian annihilators
  3 spriggan defenders
  15 stone giants
  2 draconian stormcallers
  A formless jellyfish (Vaults:4)
  3 ironbound thunderhulks (Vaults:3)
  13 very ugly things
  8 deep elf demonologists
  Nessos (D:15)
  6 green draconians
  The ghost of community the Fighter, a journeyman MiFi of Hepliaklqana (Lair:4)
  4 black draconians
  2 vampire knights
  2 war gargoyles
  6 deep elf death magi
  4 purple draconians
  2 lorocyprocas
  5 deep elf annihilators
  7 yellow draconians
  19 dire elephants
  7 white draconians
  5 red draconians
  2 eidola
  5 mummy priests
  A green death (Depths:4)
  8 merfolk javelineers
  14 merfolk impalers
  A crystal guardian (Vaults:4)
  9 ettins
  8 fire dragons
  A quicksilver dragon zombie (Depths:2)
  Josephine (Lair:5)
  A ragged hierophant (Elf:2)
  2 entropy weavers
  12 yaktaur captains
  A servant of whispers (Desolation)
  7 great orbs of eyes
  3 salamander tyrants
  3 peacekeepers
  4 hydras
  The ghost of Cheops the Severer, a journeyman MiFi of Okawaru (D:12)
  5 deep elf high priests
  2 rakshasas
  11 ice dragons
  A hell beast (Depths:3)
  2 quicksilver dragon skeletons (Depths:2)
  The ghost of Tripartite the Toxicologist, a journeyman DrCj of Nemelex Xobeh (D:11)
  31 vault guards
  3 ogre magi
  An alligator snapping turtle (Shoals:1)
  7 merfolk avatars
  11 ironbound frosthearts
  15 centaur warriors
  A juggernaut simulacrum (Depths:2)
  A catoblepas (Lair:5)
  4 spriggan air magi
  3 boulder beetles
  18 anacondas
  28 dancing weapons
  20 two-headed ogres
  9 naga warriors
  5 satyrs
  8 merfolk aquamancers
  5 deep troll shamans
  4 deep troll earth magi
  3 death yaks
  16 naga sharpshooters
  A spriggan berserker (Depths:4)
  A vampire mage (Vaults:3)
  3 hell knights (Depths:4)
  6 tengu warriors
  3 orc high priests (Elf:3)
  24 deep elf knights
  A sun demon (Depths:2)
  2 soul eaters
  9 shock serpents
  10 skysharks
  6 salamander mystics
  A spectral anaconda (Lair:5)
  A spectral death yak (Lair:5)
  15 skeletal warriors
  18 sea snakes
  9 iron trolls
  58 deep trolls
  2 shadow demons (Elf:3)
  4 cherubim (Shoals:4)
  9 arcanists
  4 glowing orange brains
  7 mana vipers
  2 flayed ghosts (Depths:4)
  12 deep elf archers
  29 harpies
  A golden dragon skeleton (Depths:2)
  11 ironbound convokers
  7 naga ritualists
  9 lindwurms
  12 orc knights
  20 deep elf zephyrmancers
  2 phantasmal warriors (Vaults:5)
  32 deep elf pyromancers
  13 necromancers
  4 orc sorcerers
  14 salamanders
  An oklob plant (Lair:2)
  24 ugly things
  16 cyclopes
  A stone giant zombie (Depths:2)
  8 fauns
  10 manticores
  21 moths of wrath
  10 merfolk sirens
  A shining eye (shapeshifter) (Depths:2)
  A steelbarb worm (shapeshifter) (Vaults:2)
  A kobold blastminer (Orc:2)
  A water nymph (shapeshifter) (Vaults:5)
  14 vault sentinels
  4 guardian serpents (Snake:4)
  7 water nymphs
  32 black mambas
  5 gargoyles
  14 naga magi
  A titan simulacrum (Depths:2)
  21 elephants
  9 cane toads
  2 kobold demonologists (Elf:3)
  5 rime drakes
  A dire elephant skeleton (Lair:5)
  2 unseen horrors
  6 tengu conjurers
  8 komodo dragons
  A hellion (Depths:4)
  A tormentor (Depths:3)
  An efreet (D:13)
  3 freezing wraiths
  20 yaktaurs
  Psyche (D:11)
  3 guardian mummies (Depths:2)
  21 trolls
  28 merfolk
  2 hornets
  A polar bear (Lair:2)
  A glass eye (Depths:2)
  5 saltlings
  10 snapping turtles
  7 blink frogs
  16 dream sheep
  7 wind drakes
  3 centaur simulacra (D:11)
  A human simulacrum (Vaults:1)
  A spriggan (shapeshifter) (Elf:2)
  3 air elementals
  Sigmund (D:4)
  4 shadows
  A yak (shapeshifter) (D:15)
  7 wraiths
  A dire elephant simulacrum (Lair:5)
  A spriggan (Depths:4)
  2 wyverns
  35 slime creatures
  2 vampires (D:13)
  54 yaks
  18 humans (D:14)
  33 water elementals
  A steam dragon (D:8)
  A basilisk (Lair:3)
  5 fire elementals
  Menkaure (Ossuary)
  Grum (Lair:1)
  2 wargs
  9 vampire mosquitoes
  2 death yak simulacra (Lair:5)
  A redback simulacrum (D:12)
  3 small abominations (WizLab)
  A glowing shapeshifter zombie (Depths:2)
  33 nagas
  12 water moccasins
  2 spectral cane toads (Lair:5)
  3 acid dragons
  3 swamp worms (shapeshifter) (Vaults:5)
  4 swamp worms (Lair:5)
  23 orc warriors
  5 ice beasts
  2 sky beasts
  A glowing shapeshifter skeleton (Depths:2)
  8 black bears
  5 laughing skulls
  An elephant zombie (Lair:5)
  23 ogres
  8 boggarts
  2 crocodiles (Sewer)
  43 wolves
  A phantom (D:7)
  20 centaurs
  2 elephant skeletons (Lair:5)
  2 kobold brigands (D:8)
  6 gnoll sergeants
  2 cane toad simulacra (Lair:5)
  An elf skeleton (D:7)
  12 bullfrogs
  An earth elemental (Elf:1)
  2 scorpions (D:5)
  15 wights
  A killer bee (D:8)
  6 howler monkeys
  4 electric eels
  10 centaur zombies
  4 hounds
  A bombardier beetle (D:6)
  15 orc priests
  3 jellies
  A gnoll bouda (D:5)
  4 sleepcaps
  Ijyb (D:4)
  16 orc wizards
  Natasha (thrice) (D:2)
  2 human skeletons (D:7)
  5 iguanas
  A sickly merfolk siren (Sewer)
  A malarious merfolk avatar (Sewer)
  An ogre zombie (Ossuary)
  8 mummies
  35 gnolls
  3 river rats
  6 adders
  3 shadow imps
  5 white imps
  An ufetubus (Vaults:1)
  4 adder zombies (Ossuary)
  4 dart slugs
  58 orcs
  13 ball pythons
  6 endoplasms
  9 giant cockroaches
  10 goblins
  8 hobgoblins
  8 jackals
  8 quokkas
  4 bats
  10 frilled lizards
  A gnoll zombie (Ossuary)
  A goblin zombie (Ossuary)
  3 hobgoblin zombies (Ossuary)
  7 kobolds
  3 kobold zombies (Ossuary)
  An orc skeleton (D:7)
  2 orc zombies (D:7)
  7 quokka zombies (Ossuary)
  31 rats
  6 rat zombies (Ossuary)
  3 fulminant prisms
2131 creatures vanquished.

Vanquished Creatures (collateral kills)
  2 dread liches
  2 orbs of fire
  Boris (Depths:1)
  2 Killer Klowns (Zot:5)
  Saint Roka (Depths:1)
  A Brimstone Fiend (D:1)
  3 tentacled monstrosities
  A quicksilver dragon (Zot:5)
  8 Orb Guardians
  A deep elf master archer (Elf:1)
  A death cob (Zot:5)
  A shadow dragon (Zot:5)
  A fire giant (Depths:1)
  A draconian knight (Zot:4)
  2 draconian annihilators (Zot:3)
  2 stone giants
  4 black draconians
  A green draconian (Zot:3)
  A yellow draconian (Zot:3)
  4 white draconians
  A deep elf annihilator (Elf:1)
  A purple draconian (Zot:1)
  2 ettins (Vaults:5)
  2 anacondas
  3 centaur warriors (Vaults:4)
  A naga warrior (Snake:3)
  2 naga sharpshooters (Snake:3)
  A deep elf knight (Shoals:2)
  A deep troll (Vaults:5)
  A deep elf zephyrmancer (Shoals:2)
  4 harpies (Vaults:4)
  A phantasmal warrior (Vaults:5)
  An ironbound convoker (Vaults:5)
  A cyclops (Shoals:1)
  A moth of wrath (Zot:3)
  3 black mambas
  A merfolk siren (Shoals:3)
  A yaktaur (Vaults:4)
  A merfolk (Shoals:1)
  2 saltlings (Desolation)
  A vampire (D:12)
  2 water elementals
74 creatures vanquished.

Vanquished Creatures (others)
  A Killer Klown (Zot:5)
  Nikola (Snake:1)
  A lich (Vaults:5)
  A naga sharpshooter (Snake:1)
  A naga ritualist (Snake:1)
  A salamander (Snake:4)
  A black mamba (Snake:1)
  A water elemental (Shoals:3)
  4 nagas
  1124 fulminant prisms
1136 creatures vanquished.

Grand Total: 3341 creatures vanquished

Notes
Turn   | Place    | Note
-------+----------+-------------------------------------------
     0 | D:1      | diecastcamel the Tengu Conjurer began the quest for the
                  | Orb.
     0 | D:1      | Reached XP level 1. HP: 10/10 MP: 4/4
   245 | D:1      | Reached XP level 2. HP: 15/15 MP: 3/6
   251 | D:1      | Learned a level 2 spell: Searing Ray
  1024 | D:2      | Reached XP level 3. HP: 19/19 MP: 3/7
  1163 | D:2      | Noticed Natasha
  1169 | D:2      | Killed Natasha
  1207 | D:2      | Noticed Natasha
  1220 | D:2      | Killed Natasha
  1221 | D:2      | Reached XP level 4. HP: 17/24 MP: 3/9
  1246 | D:2      | Learned a level 4 spell: Iskenderun's Mystic Blast
  1486 | D:2      | Noticed Natasha
  1493 | D:2      | Killed Natasha
  1591 | D:2      | Reached XP level 5. HP: 28/28 MP: 3/10
  1622 | D:2      | Found a snail-covered altar of Cheibriados.
  2191 | D:2      | Reached skill level 1 in Translocations
  2860 | D:3      | Noticed a black bear
  2926 | D:4      | Noticed an ogre
  2946 | D:4      | Killed an ogre
  2947 | D:4      | Reached XP level 6. HP: 32/32 MP: 5/12
  2952 | D:4      | Learned a level 4 spell: Fulminant Prism
  3197 | D:4      | Noticed Sigmund
  3215 | D:4      | Killed Sigmund
  3216 | D:4      | Gained mutation: Your magical flight helps you evade
                  | attacks. (EV +4) [Tengu growth]
  3216 | D:4      | Reached XP level 7. HP: 23/36 MP: 0/14
  3602 | D:4      | Noticed Ijyb
  3613 | D:4      | Killed Ijyb
  3870 | D:5      | Entered Level 5 of the Dungeon
  4253 | D:5      | Found a staircase to the Ecumenical Temple.
  4262 | Temple   | Entered the Ecumenical Temple
  4276 | Temple   | Became a worshipper of Vehumet
  4361 | D:5      | Reached XP level 8. HP: 41/41 MP: 11/16
  4469 | D:5      | Found a snail-covered altar of Cheibriados.
  4469 | D:5      | Found a blossoming altar of Fedhas.
  4512 | D:5      | Reached skill level 5 in Spellcasting
  4612 | D:5      | Reached skill level 1 in Alchemy
  5486 | D:3      | Reached * piety under Vehumet
  5486 | D:3      | Offered knowledge of Kiss of Death by Vehumet.
  5487 | D:3      | Reached skill level 10 in Conjurations
  6233 | D:6      | Found a glowing drain.
  6280 | Sewer    | Entered a sewer
  6616 | Sewer    | Reached ** piety under Vehumet
  6715 | Sewer    | Offered knowledge of Sandblast by Vehumet.
  6843 | Sewer    | Reached XP level 9. HP: 45/45 MP: 12/18
  7547 | D:6      | Learned a level 3 spell: Mephitic Cloud
  7799 | D:6      | Reached skill level 1 in Air Magic
  8570 | D:7      | Found a sand-covered staircase.
  8582 | Ossuary  | Entered an ossuary
  8961 | Ossuary  | Offered knowledge of Mercury Vapours by Vehumet.
  9139 | Ossuary  | Reached *** piety under Vehumet
  9291 | Ossuary  | Noticed Menkaure
  9297 | Ossuary  | Killed Menkaure
  9298 | Ossuary  | Reached skill level 1 in Fighting
  9615 | D:7      | Offered knowledge of Inner Flame by Vehumet.
  9779 | D:7      | Noticed a hornet
  9957 | D:7      | Killed a hornet
  9958 | D:7      | Reached XP level 10. HP: 54/54 MP: 14/21
 10188 | D:7      | Reached **** piety under Vehumet
 10712 | D:7      | Learned a level 3 spell: Stone Arrow
 10898 | D:7      | Reached skill level 1 in Staves
 11357 | D:8      | Reached skill level 1 in Shields
 11569 | D:8      | Found a staircase to the Lair.
 11695 | D:8      | Offered knowledge of Volatile Blastmotes by Vehumet.
 12210 | D:8      | Noticed a gargoyle
 12296 | D:8      | Killed a gargoyle
 12712 | D:8      | Reached XP level 11. HP: 60/60 MP: 17/22
 12716 | D:8      | Reached skill level 5 in Alchemy
 12719 | D:8      | Noticed a two-headed ogre
 12734 | D:8      | Killed a two-headed ogre
 13251 | Lair:1   | Entered Level 1 of the Lair of Beasts
 13254 | Lair:1   | Reached skill level 5 in Dodging
 13714 | Lair:1   | Reached ***** piety under Vehumet
 13729 | Lair:1   | Noticed Grum
 13780 | Lair:1   | Killed Grum
 13890 | Lair:1   | Reached skill level 5 in Fighting
 14504 | Lair:2   | Offered knowledge of Fireball by Vehumet.
 14776 | Lair:2   | Noticed an oklob plant
 14779 | Lair:2   | Killed an oklob plant
 14891 | Lair:2   | Reached XP level 12. HP: 69/69 MP: 18/23
 15493 | Lair:2   | Found a staircase to the Shoals.
 15775 | Lair:3   | Found a staircase to the Snake Pit.
 15979 | Lair:3   | Noticed a five-headed hydra
 15986 | Lair:3   | Killed a five-headed hydra
 16485 | Lair:3   | Reached skill level 15 in Conjurations
 17233 | Lair:4   | Found a runed translucent door.
 17234 | Lair:4   | Found a shimmering altar of Xom.
 17234 | Lair:4   | Noticed community's ghost (journeyman MiFi)
 17588 | Lair:4   | Reached XP level 13. HP: 76/76 MP: 26/26
 18177 | Lair:4   | Found a staircase to the Slime Pits.
 19115 | Lair:5   | Entered Level 5 of the Lair of Beasts
 20552 | Lair:5   | Noticed Josephine
 20560 | Lair:5   | Offered knowledge of Ignite Poison by Vehumet.
 20564 | Lair:5   | Reached skill level 10 in Dodging
 20564 | Lair:5   | Killed Josephine
 20837 | Lair:5   | Noticed a dire elephant
 21275 | Lair:5   | Reached XP level 14. HP: 51/84 MP: 14/28
 21454 | Lair:5   | Noticed a dire elephant
 21461 | Lair:5   | Killed a dire elephant
 21476 | Lair:5   | Noticed a dire elephant
 21814 | Lair:5   | Killed a dire elephant
 21815 | Lair:5   | Reached skill level 10 in Spellcasting
 22561 | Lair:5   | Noticed a dire elephant
 22863 | Lair:5   | Learned a level 6 spell: Bombard
 22961 | Lair:5   | Reached skill level 1 in Earth Magic
 23225 | Lair:5   | Killed a dire elephant
 23583 | Lair:5   | Identified the staff of Imbalance {rElec rF- rN+ Int+5
                  | Necro Fire}
 23621 | Lair:5   | Killed a dire elephant
 23975 | D:9      | Found Debeicvu's Antique Weapon Shop.
 24390 | D:9      | Found a bloodstained altar of Trog.
 24396 | D:9      | Found a broken altar of Ashenzari.
 24397 | D:9      | Found a shimmering altar of Xom.
 24397 | D:9      | Found a sacrificial altar of Ru.
 24399 | D:9      | Found an ancient bone altar of Kikubaaqudgha.
 24400 | D:9      | Found a sparkling altar of Nemelex Xobeh.
 24402 | D:9      | Found a hazy altar of Hepliaklqana.
 24920 | D:10     | Entered Level 10 of the Dungeon
 24950 | D:10     | Found a runed translucent door.
 25062 | D:10     | Found the +2 pair of slick slippers {slick, slippery, EV+4}
 25360 | D:10     | Offered knowledge of Spellforged Servitor by Vehumet.
 25429 | D:10     | Learned a level 7 spell: Spellforged Servitor
 25674 | D:10     | Found a staircase to the Orcish Mines.
 25877 | D:11     | Reached skill level 1 in Summonings
 25946 | D:11     | Noticed Psyche
 25949 | D:11     | Killed Psyche
 26599 | D:11     | Found Cintavve's Jewellery Shoppe.
 26604 | D:11     | Bought an amulet of reflection for 390 gold pieces
 27302 | D:11     | Found a runed translucent gate.
 27302 | D:11     | Found a runed translucent gate.
 27302 | D:11     | Found a runed translucent gate.
 27446 | D:11     | Noticed Tripartite's ghost (journeyman DrCj)
 27747 | Orc:1    | Entered Level 1 of the Orcish Mines
 27754 | Orc:1    | Reached XP level 15. HP: 88/88 MP: 13/30
 28064 | Orc:2    | Entered Level 2 of the Orcish Mines
 28073 | Orc:2    | Found Kyvo's Assorted Antiques.
 28078 | Orc:2    | Found Udeinna's Armour Shoppe.
 28091 | Orc:2    | Found Zauwasio's General Store.
 28228 | Orc:2    | Offered knowledge of Ozocubu's Refrigeration by Vehumet.
 28887 | Orc:2    | Reached skill level 5 in Summonings
 28947 | Orc:2    | Found Damav's General Store.
 28948 | Orc:2    | Found Wome's Distillery.
 28951 | Orc:2    | Found a staircase to the Elven Halls.
 28958 | Orc:2    | Found Koqollan's Armour Shoppe.
 28961 | Orc:2    | Bought a potion of degeneration for 16 gold pieces
 29120 | Orc:2    | Found Goteatut's Distillery.
 29199 | Orc:2    | Bought a +2 pair of gloves for 264 gold pieces
 29227 | Orc:2    | Bought a potion of magic for 128 gold pieces
 29261 | Orc:2    | Bought a potion of magic for 136 gold pieces
 29427 | Orc:1    | Noticed an orc warlord
 29586 | Orc:1    | Killed an orc warlord
 29854 | Orc:1    | Found a burning altar of Makhleb.
 29917 | Orc:1    | Found Jas Soum's Magic Scroll Shoppe.
 30031 | Orc:1    | Bought a scroll of blinking for 90 gold pieces
 30031 | Orc:1    | Bought a scroll of teleportation for 36 gold pieces
 30031 | Orc:1    | Bought a scroll of teleportation for 36 gold pieces
 30242 | Shoals:1 | Entered Level 1 of the Shoals
 30258 | Shoals:1 | Reached skill level 1 in Armour
 30413 | Shoals:1 | Noticed Donald
 30606 | Shoals:1 | Killed Donald
 31782 | Shoals:1 | Offered knowledge of Conjure Ball Lightning by Vehumet.
 32247 | Shoals:1 | Reached XP level 16. HP: 93/93 MP: 23/32
 32251 | Shoals:1 | Noticed a titan
 32258 | Shoals:1 | Killed a titan
 33991 | Shoals:2 | Reached skill level 5 in Armour
 35989 | Shoals:3 | Noticed Ilsuiw
 37029 | Shoals:3 | Identified the +0 helmet of the Sun {rN+}
 37079 | Shoals:3 | Killed Ilsuiw
 37079 | Shoals:3 | Offered knowledge of Eringya's Noxious Bog by Vehumet.
 37083 | Shoals:3 | Reached XP level 17. HP: 97/97 MP: 30/34
 37995 | Snake:1  | Entered Level 1 of the Snake Pit
 38004 | Snake:1  | Reached skill level 5 in Earth Magic
 38192 | Snake:1  | Noticed Nikola
 38425 | Snake:1  | Killed Nikola
 38968 | Snake:1  | Reached skill level 10 in Summonings
 39846 | Snake:2  | Reached skill level 15 in Dodging
 40392 | Snake:2  | Offered knowledge of Ignition by Vehumet.
 41472 | Snake:3  | Found a burning altar of Makhleb.
 42668 | D:12     | Reached XP level 18. HP: 81/103 MP: 21/35
 43261 | D:12     | Learned a level 7 spell: Orb of Destruction
 43328 | D:12     | Found a runed translucent door.
 43329 | D:12     | Found a shimmering altar of Xom.
 43329 | D:12     | Noticed Cheops's ghost (journeyman MiFi)
 46058 | D:14     | Noticed Roxanne
 46529 | D:14     | Reached ****** piety under Vehumet
 46699 | D:14     | Found a gate to the Vaults.
 46703 | D:14     | Identified the +0 hat "Raumeasu" {Will+ Str+3 SInv}
 46827 | D:14     | Found a glowing silver altar of Zin.
 46937 | D:15     | Entered Level 15 of the Dungeon
 48108 | D:15     | Found a staircase to the Depths.
 48446 | D:15     | Noticed Nessos
 48452 | D:15     | Killed Nessos
 49009 | Shoals:4 | Entered Level 4 of the Shoals
 49021 | Shoals:4 | Offered knowledge of Fire Storm by Vehumet.
 49021 | Shoals:4 | Offered knowledge of Shatter by Vehumet.
 49021 | Shoals:4 | Offered knowledge of Chain Lightning by Vehumet.
 49561 | Shoals:4 | Reached skill level 10 in Armour
 49723 | Shoals:4 | Reached XP level 19. HP: 85/107 MP: 29/36
 49878 | Shoals:4 | Identified the +2 robe "Efill" {^Contam rC+ Dex+2}
 50155 | Shoals:4 | Found a glowing golden altar of the Shining One.
 50557 | Shoals:4 | Found a white marble altar of Elyvilon.
 51002 | Shoals:4 | Got a barnacled rune of Zot
 51073 | Shoals:4 | Found a glowing silver altar of Zin.
 51614 | Shoals:4 | Identified the +3 shortbow of Ravage {drain, rPois rC++
                  | Str+4 Dex-2}
 52153 | Snake:4  | Entered Level 4 of the Snake Pit
 52319 | Snake:4  | Noticed Asterion
 52811 | Snake:4  | Noticed Vashnia
 53335 | Snake:4  | Killed Vashnia
 53503 | Snake:4  | Killed Asterion
 54248 | Snake:4  | Identified the serpent talisman "Owiarcholyu" {Int+2 Dex+4}
 54248 | Snake:4  | Noticed Aizul
 55182 | Snake:3  | Killed Aizul
 56398 | Snake:4  | Found a runed translucent gate.
 56398 | Snake:4  | Found a runed translucent gate.
 56398 | Snake:4  | Found a runed translucent gate.
 56400 | Snake:4  | Noticed JeszeEnbee's ghost (adept MiFi)
 56400 | Snake:4  | Noticed jimmypageman's ghost (adept MiFi)
 56411 | Snake:4  | Reached XP level 20. HP: 76/116 MP: 28/38
 56772 | Orc:2    | Bought the +6 scale mail of Okawaru's Favour {rElec Int+8}
                  | for 907 gold pieces
 57142 | Snake:4  | Got a serpentine rune of Zot
 57870 | D:11     | Killed Tripartite's ghost
 57986 | D:12     | Killed Cheops's ghost
 58156 | D:14     | Killed Roxanne
 58510 | Lair:4   | Killed community's ghost
 58723 | Lair:5   | Gained mutation: You are clumsy. (Dex -2) [a neqoxec]
 58725 | Lair:5   | Gained mutation: You occasionally shout uncontrollably at
                  | your foes. [a neqoxec]
 59042 | Vaults:1 | Entered Level 1 of the Vaults
 59575 | Vaults:1 | Reached skill level 10 in Fighting
 59654 | Vaults:1 | Found a large runed translucent door.
 59662 | Vaults:1 | Found a large runed translucent door.
 59669 | Vaults:1 | Found a large runed translucent door.
 59670 | Vaults:1 | Found a large runed translucent door.
 59773 | Vaults:1 | Found a large runed translucent door.
 59773 | Vaults:1 | Found a large runed translucent door.
 59773 | Vaults:1 | Noticed astronautguy's ghost (master FoEE)
 59774 | Vaults:1 | Found a large runed translucent door.
 59774 | Vaults:1 | Found a large runed translucent door.
 60561 | Vaults:1 | Reached skill level 10 in Alchemy
 60951 | Vaults:1 | Found Astrihuym's Assorted Antiques.
 62346 | Vaults:2 | Found a magical portal.
 62427 | WizLab   | Entered Cigotuvi's Fleshworks
 62882 | Vaults:2 | Noticed Bai Suzhen
 62901 | Vaults:2 | Killed Bai Suzhen
 63606 | Vaults:2 | Reached XP level 21. HP: 122/122 MP: 14/39
 64886 | Vaults:2 | Found Fanog's Assorted Antiques.
 64894 | Vaults:2 | Bought an embroidered robe for 55 gold pieces
 64894 | Vaults:2 | Bought an encrusted wooden ring for 75 gold pieces
 65522 | Vaults:2 | Found Dotuisinesch's Armour Emporium.
 65522 | Vaults:2 | Found Iruicim's Weapon Emporium.
 65566 | Vaults:2 | Found Cenlib's Assorted Antiques.
 65594 | Vaults:2 | Bought a scroll of teleportation for 123 gold pieces
 65594 | Vaults:2 | Bought a scroll of blinking for 307 gold pieces
 65962 | Vaults:3 | Identified the +11 mace of Vuimui {drain, rPois Int+4}
 67230 | Vaults:3 | Found a staircase to the Crypt.
 67895 | Vaults:4 | Learned a level 3 spell: Passwall
 68562 | Vaults:4 | Reached XP level 22. HP: 109/127 MP: 40/40
 69224 | Vaults:4 | Found Itosk's Jewellery Shop.
 69994 | Depths:1 | Entered Level 1 of the Depths
 70577 | D:11     | Bought the brooch of Shielding {Spirit SH+8} for 845 gold
                  | pieces
 70577 | D:11     | Found the brooch of Shielding {Spirit SH+8}
 71370 | Depths:1 | Noticed Saint Roka
 71384 | Depths:1 | Killed Saint Roka
 71385 | Depths:1 | Reached skill level 15 in Armour
 72211 | Depths:1 | Found a gateway to Hell.
 72897 | Depths:1 | Noticed Boris
 72923 | Depths:1 | Killed Boris
 74890 | Depths:2 | Found a blossoming altar of Fedhas.
 74933 | Depths:2 | Found a one-way gate leading to the halls of Pandemonium.
 74936 | Depths:2 | Gained mutation: You sometimes lose your temper in combat.
                  | [a cacodemon]
 75385 | Depths:2 | Found a one-way gate to the infinite horrors of the Abyss.
 76334 | Depths:2 | Noticed a royal mummy
 76509 | Depths:2 | Killed a royal mummy
 76845 | Depths:2 | Noticed a royal mummy
 76872 | Depths:2 | Killed a royal mummy
 77089 | Depths:3 | Noticed a golden dragon
 77089 | Depths:3 | Noticed a juggernaut
 77094 | Depths:3 | Reached XP level 23. HP: 132/132 MP: 29/41
 77100 | Depths:3 | Killed a golden dragon
 77121 | Depths:3 | Killed a juggernaut
 77202 | Depths:3 | Got Zaecwest's Octavo of the Ouroboros
 77232 | Depths:3 | Learned a level 4 spell: Petrify
 77799 | Depths:3 | Noticed Boris
 77816 | Depths:3 | Killed Boris
 77956 | Depths:3 | Reached skill level 27 in Conjurations
 78277 | Depths:3 | Found a one-way gateway to a ziggurat.
 78737 | Depths:4 | Entered Level 4 of the Depths
 78737 | Depths:4 | Noticed a juggernaut
 78746 | Depths:4 | Killed a juggernaut
 78950 | Depths:4 | Found an opulent altar of Gozag.
 80032 | Depths:4 | Noticed Jory
 80045 | Depths:4 | Killed Jory
 80206 | Depths:4 | Noticed a golden dragon
 80221 | Depths:4 | Killed a golden dragon
 80662 | Depths:4 | Found a transporter.
 80663 | Depths:4 | Found a transporter.
 80667 | Depths:4 | Found a transporter.
 80724 | Depths:4 | Found a transporter.
 80747 | Depths:4 | Found a gate to the Realm of Zot.
 81413 | Depths:4 | Learned a level 6 spell: Starburst
 81698 | Vaults:4 | Bought the ring of Orthodoxy {rElec MP+9} for 612 gold
                  | pieces
 82078 | Depths:4 | Noticed Margery
 82096 | Depths:4 | Killed Margery
 83187 | Elf:1    | Entered Level 1 of the Elven Halls
 83503 | Elf:1    | Found a huge runed translucent gate.
 83505 | Elf:1    | Found a huge runed translucent gate.
 83506 | Elf:1    | Found a huge runed translucent gate.
 83506 | Elf:1    | Found a huge runed translucent gate.
 83507 | Elf:1    | Found a huge runed translucent gate.
 83508 | Elf:1    | Found a huge runed translucent gate.
 83508 | Elf:1    | Found a huge runed translucent gate.
 83508 | Elf:1    | Found a huge runed translucent gate.
 83508 | Elf:1    | Found a huge runed translucent gate.
 83508 | Elf:1    | Found a huge runed translucent gate.
 83508 | Elf:1    | Found a huge runed translucent gate.
 83508 | Elf:1    | Found a huge runed translucent gate.
 83511 | Elf:1    | Found a huge runed translucent gate.
 83512 | Elf:1    | Found a huge runed translucent gate.
 83512 | Elf:1    | Found a huge runed translucent gate.
 83512 | Elf:1    | Found a huge runed translucent gate.
 83603 | Elf:1    | Found a huge runed translucent gate.
 83605 | Elf:1    | Found a huge runed translucent gate.
 83606 | Elf:1    | Found a huge runed translucent gate.
 83606 | Elf:1    | Found a huge runed translucent gate.
 84195 | Elf:1    | Reached skill level 5 in Stealth
 84493 | Elf:1    | Found Ifacuwn's Assorted Antiques.
 84501 | Elf:1    | Bought a crude platinum amulet for 200 gold pieces
 84501 | Elf:1    | Identified the amulet "Longapso" {Acrobat Str+5 Stlth-}
                  | (You bought it in a shop on level 1 of the Elven Halls)
 84502 | Elf:1    | Bought a scratched onyx ring for 200 gold pieces
 84668 | Elf:1    | Reached XP level 24. HP: 137/137 MP: 42/42
 84992 | Elf:2    | Found Aliygad's Antique Armour Shop.
 85023 | Elf:2    | Found Erphu's Magic Scroll Emporium.
 85095 | Elf:2    | Found a crumbling gateway.
 85163 | Desolati | Entered the Desolation of Salt
 85387 | Elf:2    | Found Pikun's Jewellery Emporium.
 85391 | Elf:2    | Found Moizxam's Book Boutique.
 85392 | Elf:2    | Found Utixtoy's Jewellery Emporium.
 85457 | Elf:2    | Noticed Louise
 85468 | Elf:2    | Killed Louise
 85738 | Elf:2    | Found Poebueh's Antique Armour Shop.
 85766 | Elf:2    | Found Acvobuer's Weapon Boutique.
 85936 | Elf:2    | Found a huge runed translucent gate.
 85936 | Elf:2    | Found a huge runed translucent gate.
 85936 | Elf:2    | Found a huge runed translucent gate.
 85936 | Elf:2    | Found a huge runed translucent gate.
 85936 | Elf:2    | Found a huge runed translucent gate.
 86392 | Elf:2    | Reached skill level 15 in Spellcasting
 86541 | Elf:2    | Identified the blade talisman "Bumud" {MP+9}
 87037 | Elf:3    | Entered Level 3 of the Elven Halls
 87651 | Elf:3    | Identified the amulet of Kiuh {RegenMP Rampage rElec rPois
                  | Str-3}
 87803 | Elf:3    | Found a shimmering blue altar of Sif Muna.
 88830 | Elf:3    | Found Emahogyz's Distillery.
 89282 | Elf:3    | Identified the +10 short sword of Coddistri {freeze, +Blink
                  | rC+ Int-5}
 89864 | Elf:3    | Identified the +6 short sword "Xuari" {antimagic, rF+ Str+5
                  | Int-3 Dex-3}
 90103 | Elf:3    | Identified the +0 plate armour of Negation {rF- rC+++ Int-4
                  | SInv}
 90133 | Elf:3    | Identified the +1 quarterstaff "Qepnocs Toerph" {flame,
                  | Dex+6}
 90401 | Elf:3    | Identified the ring "Beeby" {rElec EV+5 Str+5 Slay-2}
 90504 | Elf:3    | Identified the staff of Purpose {Will+ Str+4 Int+5 Earth}
 90563 | Elf:3    | Identified the +2 helmet of Courage {rC+}
 90619 | Elf:2    | Bought an encrusted ring mail for 351 gold pieces
 90619 | Elf:2    | Identified the +4 ring mail "Paoto" {rF++ Str-2 Int+2 SInv}
                  | (You bought it in a shop on level 2 of the Elven Halls)
 90632 | Elf:2    | Bought a pair of glowing gloves for 292 gold pieces
 90941 | Vaults:5 | Entered Level 5 of the Vaults
 90969 | Vaults:5 | Noticed a dread lich
 90981 | Vaults:5 | Killed a dread lich
 90982 | Vaults:5 | Reached XP level 25. HP: 133/145 MP: 32/43
 91102 | Vaults:5 | Noticed a dread lich
 91392 | Vaults:5 | Identified the +2 falchion of the Wicked God {freeze, rF++
                  | Will+ Str-4 Dex-4}
 91746 | Vaults:5 | Identified the +1 ring mail "Qemu" {Stlth+}
 92393 | Vaults:5 | Identified the +4 great mace of Ugrimae {holy, Int+3}
 93183 | Vaults:5 | Identified the +4 halberd "Nosaaz" {flame, Fly rCorr MP+9}
 93485 | Vaults:5 | Killed a dread lich
 93963 | Vaults:5 | Identified the +1 hand axe of Sieffur {protect, rElec rC+
                  | Dex-4}
 93980 | Vaults:5 | Identified the +0 cloak "Ucydet" {^Drain Int+4}
 93990 | Vaults:5 | Learned a level 2 spell: Blink
 94018 | Vaults:5 | Identified the +10 shortbow of Friendship {flame, SInv}
 94048 | Vaults:5 | Reached skill level 27 in Dodging
 94249 | Vaults:5 | Got a silver rune of Zot
 94550 | Vaults:5 | Identified the +2 pair of boots of Atigo {Fly Dex+6}
 94840 | Vaults:5 | Identified the +2 cloak of the Furrier {rElec rPois rF-}
 95313 | Elf:2    | Bought a ring of protection from cold for 300 gold pieces
 95646 | Zot:1    | Entered Level 1 of the Realm of Zot
 97251 | Zot:1    | Found Misopluf's CLEARANCE SALE!.
100096 | Zot:3    | Reached XP level 26. HP: 158/158 MP: 21/43
100835 | Zot:3    | Noticed an orb of fire
101285 | Zot:2    | Gained mutation: Your body sometimes deteriorates upon
                  | taking damage. [an orb of fire]
101289 | Zot:2    | Killed an orb of fire
104059 | Zot:5    | Entered Level 5 of the Realm of Zot
105357 | Zot:5    | Noticed a dread lich
105534 | Zot:5    | Noticed an orb of fire
105538 | Zot:4    | Killed a dread lich
105767 | Zot:5    | Gained mutation: You occasionally lose the ability to read
                  | scrolls when taking damage. [an orb of fire]
105769 | Zot:5    | Gained mutation: Your body often deteriorates upon taking
                  | damage. [an orb of fire]
105770 | Zot:5    | Killed an orb of fire
105899 | Zot:5    | Noticed a Killer Klown
105906 | Zot:5    | Killed a Killer Klown
105907 | Zot:5    | Reached skill level 15 in Summonings
105908 | Zot:5    | Noticed a Killer Klown
105909 | Zot:5    | Noticed a Killer Klown
105919 | Zot:5    | Killed a Killer Klown
105926 | Zot:5    | Killed a Killer Klown
106035 | Zot:5    | Noticed a dread lich
106042 | Zot:5    | Killed a dread lich
106133 | Zot:4    | Lost mutation: You sometimes lose your temper in combat.
                  | [potion of mutation]
106133 | Zot:4    | Lost mutation: Your body often deteriorates upon taking
                  | damage. [potion of mutation]
106133 | Zot:4    | Gained mutation: You are partially covered in iridescent
                  | scales. (AC +2) [potion of mutation]
106134 | Zot:4    | Lost mutation: You occasionally shout uncontrollably at
                  | your foes. [potion of mutation]
106134 | Zot:4    | Lost mutation: Your body sometimes deteriorates upon taking
                  | damage. [potion of mutation]
106134 | Zot:4    | Gained mutation: You are mostly covered in iridescent
                  | scales. (AC +4) [potion of mutation]
106134 | Zot:4    | Gained mutation: Your natural rate of healing is unusually
                  | fast. [potion of mutation]
106135 | Zot:4    | Lost mutation: You are mostly covered in iridescent scales.
                  | (AC +4) [potion of mutation]
106135 | Zot:4    | Lost mutation: You are partially covered in iridescent
                  | scales. (AC +2) [potion of mutation]
106136 | Zot:4    | Lost mutation: Your natural rate of healing is unusually
                  | fast. [potion of mutation]
106136 | Zot:4    | Lost mutation: You are clumsy. (Dex -2) [potion of
                  | mutation]
106136 | Zot:4    | Lost mutation: You occasionally lose the ability to read
                  | scrolls when taking damage. [potion of mutation]
106136 | Zot:4    | Gained mutation: You sometimes lose your temper in combat.
                  | [potion of mutation]
106155 | Zot:5    | Noticed a dread lich
106406 | Zot:5    | Killed a dread lich
106510 | Zot:5    | Noticed a dread lich
106652 | Zot:5    | Noticed a Killer Klown
106659 | Zot:5    | Killed a Killer Klown
106788 | Zot:5    | Noticed a Killer Klown
106794 | Zot:5    | Killed a Killer Klown
106902 | Zot:5    | Noticed a Killer Klown
106912 | Zot:5    | Killed a Killer Klown
107398 | Zot:5    | Reached XP level 27. HP: 163/163 MP: 41/46
107969 | Zot:5    | Killed a dread lich
108175 | Zot:5    | Identified the +5 dagger "Siehuah" {drain, Str+2 Stlth+}
108782 | Zot:5    | Got the Orb of Zot
108794 | Zot:5    | Noticed Natraep the pandemonium lord
108925 | Depths:4 | Noticed Plog the pandemonium lord
108960 | Depths:4 | Noticed an ancient lich
108964 | Depths:4 | Noticed Qoiseoli the pandemonium lord
109285 | D:3      | Gained mutation: Your spells are a little easier to cast,
                  | but a little less powerful. [a neqoxec]
109349 | D:$      | Escaped with the Orb!

Illustrated notes

Levels and vault maps discovered:
D:1:      minmay_arrival_shattered_statue, layout_basic, minmay_octomino_e4
D:2:      wad_woods_stonehenge, layout_basic, uniq_natasha
D:3:      kennysheep_big_flooded_room, layout_basic, minmay_distorted
D:4:      layout_rooms, hangedman_abyss_or_decor_jellyfish_corner,
          kennysheep_dice, uniq_sigmund, uniq_ijyb
D:5:      layout_basic, gammafunk_temple_overflow_elements,
          minmay_temple_entry_overgrown
D:6:      layout_rooms, portal_sewer_entry_e, minmay_misc_feat_nine_boxes,
          chequers_jeans
D:7:      layout_basic, nicolae_ossuary_entry_catacombs, minmay_misc_feat_roman
D:8:      minmay_imperfect_grid, layout_basic, erik_lair_island,
          serial_corexii_hall, chequers_hall_statues_corner_a,
          corexii_hall_statues_s
D:9:      layout_small_grid, minitemple, serial_shops, kennysheep_mini_moat,
          hangedman_abyss_or_decor_lesser_grid
D:10:     layout_rooms, orc_0_dummy, nicolae_guarded_unrand_slippers
D:11:     minmay_the_grid_plus_closed [minmay_the_grid_minigrid_large,
          minmay_the_grid_large_cup, minmay_the_grid_spin_star,
          minmay_the_grid_outer_diamond, minmay_the_grid_prize_inner_circle],
          layout_stronghold, serial_shops, shop, gammafunk_ghost_icy,
          grunt_ministairs_3, chequers_serial_rivers_small_3,
          dreamdust_princess_corridor, uniq_psyche
D:12:     layout_cave_pools, ebering_ghost_xom
D:13:     layout_loops_ring, serial_undead, serial_undead_c, serial_undead_d,
          serial_undead_d, serial_undead_e, kennysheep_generic_room_2
D:14:     layout_loops_ring, grunt_vaults_entry_tiered, zin_statuary,
          uniq_roxanne
D:15:     hangedman_depths_entry_civil_slaughter, layout_basic,
          minmay_misc_feat_four_crosses, nicolae_tricolors, uniq_nessos
Temple:   nicolae_temple_figure_eight
Lair:1:   layout_gridlike, uniq_grum
Lair:2:   layout_big_grid, elwin_shoals_entry_rooms, lemuel_fruit_fields,
          infiniplex_staircase_pool_2, serial_bayou_shore_b
Lair:3:   layout_cave_pods, minmay_snake_entry_guardpost_small,
          portal_ice_cave_entry_pillars_1
Lair:4:   layout_hall_layers, dpeg_slime_entry_corner, ebering_ghost_xom
Lair:5:   due_jungle_book, layout_gridlike, worms_lemuel, uniq_josephine
Shoals:1: layout_shoals, st_sunken_temple, uniq_donald
Shoals:2: nicolae_shoals_deep_elves_summer_vacation, layout_shoals
Shoals:3: layout_shoals, uniq_ilsuiw
Shoals:4: shoals_end_hellmonk_holy_island
Snake:1:  layout_misc_corridors, nicolae_snake_lava_pool, uniq_nikola
Snake:2:  layout_basic
Snake:3:  layout_onion, basic_altar, serial_bayou_shore_b,
          nicolae_triple_integral, serial_bayou_shore_a
Snake:4:  johnstein_snake_rune_scales, layout_grid_shapes,
          gammafunk_ghost_cemetery, uniq_vashnia, uniq_aizul, uniq_asterion
Orc:1:    layout_caves, serial_shops, shop_fountains, basic_altar
Orc:2:    st_orc_open, layout_caves, serial_shops, nicolae_shop_mannequins,
          shop, shop_fountains
Elf:1:    layout_gridlike, serial_shops, shop, hangedman_elf_represent
Elf:2:    elven_hall_of_blades_hangedman_alternative
          [nooodl_blade_entry_preview], layout_geoelf_grid,
          portal_desolation_entry_salt, serial_shops, shop, shop, shop,
          nicolae_shop_bloodbath_and_beyond, minmay_shop_grove, uniq_louise
Elf:3:    minmay_elf_hall_furrowed, layout_gridlike, serial_shops, shop,
          hangedman_summoners_spam
Vaults:1: advil_vaults_ghost_lines, special_room_vaults [special_room_orc],
          nicolae_vaults_circle_grid_a, serial_ice_b,
          vaults_standard_mumra_enter_the_diamond,
          vaults_room_grunt_arrival_ludios, nicolae_vaults_meiosis,
          nicolae_vaults_wine_cellar, nicolae_vaults_twisting_passages,
          nicolae_vaults_offset_grid_hallway_3,
          nicolae_vaults_closet_pinwheel_5, layout_vaults_ring, serial_shops,
          nicolae_shop_statue_plus
Vaults:2: lightli_enter_wizlab_magi_temple, nicolae_vaults_tetromino_T_1,
          nicolae_vaults_puzzle_piece, nicolae_vaults_cornered_office,
          v_pattern_3, hangedman_vaults_hard_town_square,
          nicolae_vaults_little_squares_6, nicolae_vaults_three_branches,
          nicolae_vaults_sealed_display, vaults_mumra_lcd,
          vaults_room_semicircle, nicolae_vaults_little_squares_4,
          layout_vaults_big_cross, serial_shops, nicolae_shop_trees,
          uniq_bai_suzhen
Vaults:3: vaults_mumra_hexcomb, nicolae_vaults_little_ls,
          nicolae_vaults_oval_intersection, nicolae_vaults_trapezoid_1,
          minmay_crypt_entry_simple_walls, nicolae_vaults_network_barrier,
          nicolae_vaults_apartment_2, nicolae_vaults_big_angled_halls,
          ontoclasm_vaults_misaligned, nicolae_vaults_mush_room,
          nicolae_vaults_storage_room_statues, v_alt_pattern_5, v_misc_22,
          nicolae_vaults_lightning_bolt, layout_vaults_maze_bifur
Vaults:4: nicolae_vaults_tetromino_L_2, hangedman_vaults_variations,
          v_alt_pattern_3, nicolae_vaults_security_offices_2,
          nicolae_vaults_house_3, vaults_dpeg_hooks, layout_vaults_omnigrid,
          serial_shops, nicolae_shop_tiny_statue_garden
Vaults:5
Depths:1: layout_basic, serial_library_hellmonk_u_bend, pf_hell_entry_great_geh,
          nicolae_eternal_life, kennysheep_boxes, uniq_boris, uniq_saint_roka
Depths:2: ragdoll_tomb_raider, layout_gridlike, abyss_entry, fedhas_altar_2,
          rand_demon_pan_entry_1, hell_entry, uniq_josephina
Depths:3: minmay_ambush_box, layout_honeycomb, enter_ziggurat_c, abyss_entry,
          rand_demon_pan_entry_8, infiniplex_staircase_diamond,
          grunt_mini_vestibule
Depths:4: grunt_zot_entry_bicorn, layout_twisted_cross, grunt_gozag_breadcrumbs,
          grunt_hell_entry_dis_mu, rand_demon_pan_entry_3,
          nicolae_transporter_circle, uniq_margery, uniq_jory
Zot:1:    layout_misc_corridors, nicolae_shop_clearance
Zot:2:    layout_basic, regret_index_zotdec_under_construction,
          grunt_megastairs_4
Zot:3:    layout_misc_corridors
Zot:4:    layout_gridlike
Zot:5:    layout_cellular_growth, st_stairs_1

Skill      XL: |  1  2  3  4  5  6  7  8  9 10 11 12 13 14 15 16 17 18 19 20 21 22 23 24 25 26 27 |
---------------+----------------------------------------------------------------------------------+-----
Conjurations   | 6 7 8 9 10 11 13 14 15 16 18 19 20 21 22 23 24 26 27 | 27.0
Spellcasting   | 3 4 5 7 8 9 10 11 12 13 14 15 18 19 | 19.0
Translocations | 1 2 3 4 |  4.0
Alchemy        | 2 4 6 7 9 10 | 10.7
Air Magic      | 3 |  3.0
Fighting       | 2 3 5 7 8 9 10 11 14 | 14.7
Dodging        | 3 4 6 8 10 12 13 14 15 17 19 20 21 22 24 26 27 | 27.0
Staves         | 4 |  4.0
Shields        | 4 |  4.0
Earth Magic    | 3 4 7 |  7.2
Summonings     | 3 6 9 10 15 | 15.0
Armour         | 3 6 8 10 12 14 15 16 17 18 | 18.6
Stealth        | 5 8 |  8.0

Action                     |  1- 3 |  4- 6 |  7- 9 | 10-12 | 13-15 | 16-18 | 19-21 | 22-24 | 25-27 || total
---------------------------+-------+-------+-------+-------+-------+-------+-------+-------+-------++-------
  Melee: Short sword       |     7 |     1 |    16 |       |       |       |       |       |       ||    24
         Kick              |     2 |       |     6 |     4 |    26 |    25 |    14 |     4 |     4 ||    85
         Peck              |       |       |     2 |     6 |    15 |    27 |     8 |     7 |     3 ||    68
         Staff             |       |       |       |    21 |    76 |    94 |    32 |    19 |     6 ||   248
  Throw: Dart              |     1 |     1 |       |     1 |       |       |       |       |       ||     3
   Cast: Magic Dart        |    39 |    71 |   131 |    38 |    26 |     8 |     7 |       |       ||   320
         Searing Ray       |     5 |    16 |    71 |    26 |     6 |       |       |     4 |     1 ||   129
         Iskenderun's Myst |       |       |     3 |    33 |    76 |    94 |   112 |   165 |   103 ||   586
         Fulminant Prism   |       |       |    32 |    84 |   207 |   265 |   139 |   317 |    83 ||  1127
         Mephitic Cloud    |       |       |     3 |     7 |    30 |    24 |    15 |     9 |     1 ||    89
         Stone Arrow       |       |       |       |    84 |   196 |   223 |   108 |    55 |    18 ||   684
         Bombard           |       |       |       |       |    46 |    56 |    72 |   136 |   133 ||   443
         Spellforged Servi |       |       |       |       |     1 |    11 |     1 |    10 |    44 ||    67
         Orb of Destructio |       |       |       |       |       |    49 |   264 |   192 |   240 ||   745
         Starburst         |       |       |       |       |       |       |       |     3 |     1 ||     4
         Passwall          |       |       |       |       |       |       |       |     1 |       ||     1
         Blink             |       |       |       |       |       |       |       |       |     1 ||     1
  Evoke: Wand              |       |     7 |    18 |     5 |     7 |     2 |     2 |    11 |    15 ||    67
    Use: Scroll            |       |     5 |    10 |     7 |    11 |     6 |     5 |    10 |    12 ||    66
         Potion            |       |       |       |       |     2 |     4 |     4 |    10 |    16 ||    36
   Stab: Distracted        |       |       |       |       |     1 |       |       |       |       ||     1
 Armour: Robe              |     6 |     7 |    20 |    42 |   125 |   106 |    64 |    66 |       ||   436
         Acid dragon scale |       |       |       |       |       |    42 |       |       |       ||    42
         Pearl dragon scal |       |       |       |       |       |       |    52 |       |       ||    52
         Scale mail        |       |       |       |       |       |       |    68 |   109 |       ||   177
         Ring mail         |       |       |       |       |       |       |       |     1 |   174 ||   175
  Dodge: Dodged            |    12 |     9 |    83 |    64 |   198 |   243 |   276 |   188 |   307 ||  1380
  Block: Buckler           |       |       |       |     7 |    71 |   127 |   160 |   131 |   159 ||   655
         Reflection        |       |       |       |       |     4 |    40 |    61 |       |       ||   105
